AoeStats
← Oscar robles176

Black Forest

509815166Analyzed
4v4 RM · 3d ago on Sep 28, 2026· 66m 21s· 8 players
Game mode
Random Map
Map size
Large (8 player)
Population
200
Speed
Normal
Resources
Standard
Victory
Conquest
Starting age
Dark Age
Ending age
Imperial Age
RankedLock teamsTeams togetherTeam positionsShared explorationLock speedFull tech treeHidden civsTurbo modeCheats
Victory
Defeat
🇲🇽 Romans · Mexico
815
+13
🇺🇸 Khmer · United States
805
+14
🇺🇸 Spanish · United States
767
+15
🇲🇽 Byzantines · Mexico
757
+16
🇲🇽 Franks · Mexico
891
-21
🇨🇳 Tatars · China
715
-13
🇺🇸 Georgians · United States
704
-12
🇨🇳 Jurchens · China
690
-12
joecool914
12:37 Feudal Age
13:38 Double-Bit Axe
15:04 Horse Collar
16:41 Loom
19:10 Castle Age
20:45 Wheelbarrow
20:26 Bow Saw
22:59 Fletching
23:20 Forging
23:16 Scale Barding Armor
23:40 Gold Mining
25:15 Hand Cart
24:46 Town Watch
26:21 Bloodlines
26:12 Husbandry
27:55 Gold Shaft Mining
28:00 Fervor
28:11 Sanctity
27:52 Devotion
27:54 Stone Mining
28:53 Ballistics
28:44 Masonry
29:11 Heavy Plow
30:05 Chain Barding Armor
30:21 Iron Casting
31:11 Stone Shaft Mining
30:41 Town Patrol
34:41 Imperial Age
32:10 Light Cavalry
32:52 Bodkin Arrow
33:22 Fishing Lines
33:55 Murder Holes
34:41 Caravan
35:14 Tusk Swords
36:04 Crop Rotation
36:45 Chemistry
35:51 Siege Engineers
36:17 Architecture
36:18 Conscription
37:17 Plate Barding Armor
38:42 Hoardings
38:09 Double Crossbow
38:28 Elite Battle Elephant
48:54 Bracer
49:55 Blast Furnace
49:12 Pikeman
50:00 Scale Mail Armor
51:26 Halberdier
52:28 Man-at-Arms
52:54 Arson
53:30 Chain Mail Armor
65:10 Spies/Treason
D4RKK
2:23 Loom
10:12 Feudal Age
12:08 Double-Bit Axe
12:05 Horse Collar
13:50 Fishing Lines
15:44 Stone Mining
16:52 Gold Mining
23:39 Castle Age
27:57 Imperial Age
25:46 Bow Saw
25:45 Padded Archer Armor
25:37 Fletching
25:56 Scale Barding Armor
25:54 Scale Mail Armor
26:05 Forging
28:22 Stone Shaft Mining
29:27 Gillnets
30:34 Wheelbarrow
32:20 Hand Cart
31:29 Pikeman
32:10 Squires
33:41 Heavy Plow
35:30 Chain Mail Armor
35:50 Iron Casting
35:31 Leather Archer Armor
36:42 Two-Man Saw
37:12 Chemistry
36:23 Fortified Wall
36:34 Ballistics
36:02 Elite Conquistador
36:42 Town Watch
39:20 Chain Barding Armor
39:30 Ring Archer Armor
40:23 Halberdier
43:15 Man-at-Arms
44:33 Long Swordsman
47:57 Two-Handed Swordsman
54:02 Champion
55:42 Plate Mail Armor
56:13 Blast Furnace
55:48 Plate Barding Armor
55:09 Bodkin Arrow
Kcire_zr
0:32 Loom
13:13 Feudal Age
14:14 Man-at-Arms
15:35 Double-Bit Axe
22:37 Castle Age
20:51 Horse Collar
21:07 Gold Mining
27:00 Bow Saw
30:43 Imperial Age
28:31 Long Swordsman
29:12 Squires
30:02 Heavy Plow
32:50 Gold Shaft Mining
33:00 Wheelbarrow
35:47 Chemistry
36:08 Stone Mining
35:47 Legionary
36:41 Scale Mail Armor
37:34 Crop Rotation
39:43 Caravan
42:18 Ballistas
42:34 Conscription
42:41 Scale Barding Armor
43:21 Hand Cart
46:04 Forging
45:16 Heavy Scorpion
50:39 Elite Centurion
51:41 Comitatenses
53:29 Chain Barding Armor
53:14 Husbandry
53:24 Bloodlines
63:59 Siege Engineers
64:16 Ballistics
64:07 Masonry
64:08 Fortified Wall
64:37 Plate Barding Armor
63:25 Cavalier
64:31 Chain Mail Armor
64:52 Iron Casting
yabin.belrojo
0:30 Loom
14:44 Feudal Age
16:47 Wheelbarrow
我喜欢狐臭
5:46 Loom
11:29 Feudal Age
17:39 Double-Bit Axe
19:09 Horse Collar
22:24 Castle Age
22:28 Forging
22:24 Scale Barding Armor
22:21 Padded Archer Armor
22:11 Fletching
22:58 Stone Mining
25:48 Heavy Plow
29:48 Wheelbarrow
32:25 Stone Shaft Mining
31:40 Gold Mining
32:16 Bow Saw
34:10 Leather Archer Armor
33:51 Bodkin Arrow
34:31 Iron Casting
36:43 Caravan
36:54 Husbandry
37:33 Hand Cart
38:09 Town Watch
38:47 Chain Barding Armor
38:51 Ballistics
38:42 Masonry
38:34 Gold Mining
39:58 Coinage
42:15 Scale Mail Armor
42:29 Bloodlines
felix
2:52 Loom
13:53 Feudal Age
15:11 Wheelbarrow
14:24 Double-Bit Axe
14:23 Horse Collar
15:49 Town Watch
27:16 Castle Age
27:14 Gold Mining
27:26 Stone Mining
28:08 Heavy Plow
28:35 Bow Saw
29:34 Hand Cart
29:23 Town Patrol
31:39 Stone Shaft Mining
31:34 Forging
31:25 Scale Mail Armor
31:31 Scale Barding Armor
31:27 Padded Archer Armor
31:17 Fletching
31:32 Caravan
34:00 Husbandry
33:34 Pikeman
34:11 Crossbowman
47:24 Imperial Age
47:49 Elite Monaspa
56:57 Halberdier
57:39 Gambesons
57:56 Squires
Oscar robles176
6:21 Loom
13:20 Feudal Age
13:46 Feudal Age
14:31 Double-Bit Axe
17:41 Castle Age
18:52 Bow Saw
21:50 Wheelbarrow
24:09 Hand Cart
25:43 Gold Mining
26:59 Gold Shaft Mining
31:32 Imperial Age
29:11 Caravan
30:09 Husbandry
31:34 Scale Barding Armor
32:08 Forging
32:49 Cavalier
34:09 Chivalry
34:31 Conscription
35:08 Chain Barding Armor
35:24 Iron Casting
35:11 Paladin
36:30 Plate Barding Armor
38:37 Blast Furnace
44:05 Town Watch
48:57 Onager
菜鸟驿站
0:37 Loom
14:19 Feudal Age
20:46 Castle Age
19:05 Horse Collar
19:40 Double-Bit Axe
20:45 Gold Mining
20:45 Stone Mining
28:52 Heavy Plow
35:29 Imperial Age
34:27 Fortified Wall
35:17 Ballistics
35:08 Masonry
36:56 Wheelbarrow
36:07 Town Watch
36:43 Bow Saw
37:14 Timurid Siegecraft
40:25 Chemistry
39:41 Scale Barding Armor
41:11 Forging
41:31 Elite Keshik
45:54 Iron Casting
45:39 Chain Barding Armor
45:30 Siege Engineers
45:24 Murder Holes
48:34 Conscription
48:20 Scale Mail Armor
49:23 Blast Furnace
48:41 Capped Ram
50:15 Hand Cart
49:41 Onager
56:38 Plate Barding Armor
Connection lost

Rejoining the realm…

Still unreachable

The connection could not be restored.

Session expired

The server has moved on; the page needs a fresh start.